 Dungeon Crawl Stone Soup version 0.31-a0-1576-ga3383bade6 (webtiles) character file.

Game seed: 16217374230837768369

23 grandjackal the Chopper (level 2, -1/23 HPs)
             Began as a Demonspawn Gladiator on Jan 4, 2024.
             Slain by Terence
             ... wielding a +0 trident
              (9 damage)
             ... on level 2 of the Dungeon.
             The game lasted 00:00:54 (1016 turns).

grandjackal the Chopper (Demonspawn Gladiator)      Turns: 1016, Time: 00:00:54

Health: -1/23      AC:  6    Str: 14    XL:     2   Next: 72%
Magic:  2/2        EV: 11    Int:  8    God:
Gold:   99         SH:  0    Dex: 14    Spells: 1/1 levels left

rFire   . . .        a - +0 war axe
rCold   . . .        (no shield)
rNeg    . . .        k - +0 ring mail
rPois   .            c - +0 helmet
rElec   .            (no cloak)
rCorr   .            (no gloves)
SInv    .            (no boots)
Will    .....        (no amulet)
Stlth   +            (no ring)
HPRegen 0.23/turn    (no ring)
MPRegen 0.08/turn

%: no passive effects
@: no status effects
A: weakness stinger 1
a: no special abilities


You were on level 2 of the Dungeon.
You visited 1 branch of the dungeon, and saw 2 of its levels.

You collected 99 gold pieces.

Inventory:

Hand Weapons
 a - a +0 war axe (weapon)
Missiles
 d - 3 throwing nets (quivered)
 e - a javelin
Armour
 c - a +0 helmet (worn)
 k - a +0 ring mail (worn)
Scrolls
 g - a scroll of acquirement {unknown}
 h - 2 scrolls of identify {unknown}
 i - a scroll of enchant armour {unknown}
 j - 2 scrolls of revelation {unknown}
Potions
 b - a potion of resistance {unknown}
 f - a potion of degeneration {unknown}


   Skills:
 + Level 2.4 Fighting
 + Level 3.0 Axes
 - Level 2.0 Throwing
 - Level 3.0 Dodging


You had one spell level left.
You didn't know any spells.
Your spell library contained the following spells:

 Spells                   Type           Power      Damage    Failure   Level
 Magic Dart               Conj           0%         1d3       65%         1
 Shock                    Conj/Air       0%         1d3       65%         1
 Searing Ray              Conj           0%         2d4       80%         2
 Swiftness                Air            0%         N/A       95%         3
 Airstrike                Air            0%         2d(0-16)  100%        4
 Fulminant Prism          Conj/Alch      0%         3d5       100%        4
 Ignite Poison            Fire/Alch      0%         N/A       100%        4
 Sticky Flame             Fire/Alch      0%         2d4       100%        4
 Ignition                 Fire           0%         3d3       100%        8


Dungeon Overview and Level Annotations

Branches:
Dungeon (2/15)

Altars:

Shops:
D:1 ?

Annotations:
D:2 Terence


Innate Abilities, Weirdness & Mutations

You have a small tail.


Message History

The kobold hits you with a +0 short sword.
You closely miss the kobold.
Your tail-slap misses the kobold.
The kobold is severely wounded.
The kobold hits you with a +0 short sword.
The kobold barely misses you.
You barely miss the kobold.
The kobold is severely wounded.
The kobold closely misses you.
You slash the kobold!
You kill the kobold!
No target in view!
No target in view!
HP restored.
Things that are here:
a +0 short sword; 5 stones; a kobold corpse
Found a club.
You see here a +0 club.
You see here a +0 club.
You now have 99 gold pieces (gained 17).
Terence the Incautious comes into view.
He is wielding a +0 trident.
Terence shouts!
Terence is nearby!
Terence barely misses you.
You hit Terence.
Terence is lightly wounded.
Terence hits you with a +0 trident! Terence hits you but does no damage.
You hit Terence. You tail-slap Terence.
Terence is moderately wounded.
Terence hits you with a +0 trident.
You are too injured to fight recklessly!
You are too injured to fight recklessly!
You are too injured to fight recklessly!
You barely miss Terence.
Terence is moderately wounded.
Terence hits you with a +0 trident.
You hit Terence.
Terence is moderately wounded.
Terence hits you with a +0 trident!
You die...
Terence says, "Time to find some more victims."

#.# #.# #.# #.#
#.# #.#
######.#
#......#
#.###### #.#
#@# #..@.....#
.........##....
####.##..# ##
#. #..# # #..#
#..# #..#


You could see Terence.

Vanquished Creatures
  An endoplasm (D:1)
  6 goblins
  2 hobgoblins
  A quokka (D:1)
  2 ball pythons (D:1)
  2 bats
  2 frilled lizards (D:1)
  4 kobolds
  A rat (D:2)
21 creatures vanquished.

Notes
Turn   | Place    | Note
-------+----------+-------------------------------------------
     0 | D:1      | grandjackal the Demonspawn Gladiator began the quest for
                  | the Orb.
     0 | D:1      | Reached XP level 1. HP: 16/16 MP: 1/1
   293 | D:1      | Gained mutation: You have a small tail. [demonic ancestry]
   293 | D:1      | Reached XP level 2. HP: 16/22 MP: 2/2
   517 | D:1      | Found The Oracle's Delphic Readings.
  1011 | D:2      | Noticed Terence
  1016 | D:2      | Slain by Terence

Illustrated notes

Levels and vault maps discovered:
D:1:      dpeg_arrival_tiny_a, layout_basic, nicolae_nh_oracle_at_delphi
D:2:      layout_loops_ring, nrook_campfire, uniq_terence

Skill      XL: |  1  2 |
---------------+-------+-----
Throwing       | 2 |  2.0
Axes           | 3 |  3.0
Dodging        | 3 |  3.0
Fighting       | |  2.4

Action                     || total
---------------------------++-------
  Melee: War axe           ||    60
         Tailslap          ||     5
 Armour: Leather armour    ||    31
         Ring mail         ||    10
  Dodge: Dodged            ||    52

Table legend: (Time is in decaauts)
 A = Elapsed time spent in this place.
 B = Non-inter-level travel time spent in this place.
 C = Inter-level travel time spent in this place.
 D = Time resting spent in this place.
 E = Time spent auto-exploring this place.
 F = Levels seen in this place.
 G = Mean time per level.
                   A        B        C        D        E       F      G
               +--------+--------+--------+--------+--------+-----+--------+
         Total |   1036 |   1010 |     26 |      0 |    826 |   2 |  518.0 |
       Dungeon |   1036 |   1010 |     26 |      0 |    826 |   2 |  518.0 |
               +--------+--------+--------+--------+--------+-----+--------+

Top non-repeatable levels by time:
     D:1: 748 daAuts
     D:2: 287 daAuts
